 Dungeon Crawl Stone Soup version 0.19.5 (webtiles) character file.

3752 crafterik the Cleaver (level 9, 0/86 HPs)
             Began as a Purple Draconian Berserker on Apr 15, 2017.
             Was a High Priest of Trog.
             Succumbed to Erica's bolt of poison
             ... on level 9 of the Dungeon.
             The game lasted 00:47:43 (10474 turns).

crafterik the Cleaver (Purple Draconian Berserker) Turns: 10474, Time: 00:47:44

Health: 0/86       AC:  9    Str: 22    XL:     9   Next: 93%
Magic:  9/9        EV: 15    Int:  9    God:    Trog [*****.]
Gold:   530        SH:  0    Dex: 10    Spells: 0 memorised, 8 levels left

rFire  + . .     SeeInvis .     t - +1 battleaxe (flame)
rCold  . . .     Gourm    .     (armour unavailable)
rNeg   . . .     Faith    +     (shield currently unavailable)
rPois  .         Spirit   .     (helmet restricted)
rElec  .         Reflect  .     v - +0 cloak
rCorr  .         Harm     .     h - +0 pair of gloves
MR     +....                    (no boots)
Stlth  ++........               f - amulet of faith
                                (no ring)
                                (no ring)

@: lethally poisoned (0 -> -7), exhausted, slowed, very slow
A: breathe power, unfitting armour, blurry vision 1, fire resistance 1, robust
1, cold-blooded, AC +7
a: Breathe Dispelling Energy, Berserk, Trog's Hand, Brothers in Arms, Burn
Spellbooks, Renounce Religion


You were on level 9 of the Dungeon.
You worshipped Trog.
Trog was extremely pleased with you.
You were near starving.

You visited 2 branches of the dungeon, and saw 10 of its levels.

You collected 530 gold pieces.

Inventory:

Hand Weapons
 a - a +0 hand axe
 e - a +3 short sword
 k - a +1 dagger of distortion
 q - a +0 short sword of venom
 t - a +1 battleaxe of flaming (weapon)
 u - a +3 quarterstaff of chaos
 w - a +1 hand axe of freezing
Armour
 d - a +0 scale mail
 h - a +0 pair of gloves (worn)
 i - a +0 helmet
 v - a +0 cloak (worn)
 P - a +0 cloak
Jewellery
 f - an amulet of faith (around neck)
 A - an uncursed amulet of the gourmand {unknown}
 I - an uncursed ring of positive energy {unknown}
 M - the amulet of Vitality {Regen+ HP+15}
   (You found it on level 9 of the Dungeon)

   [amulet of regeneration]

   It affects your health (+15).
   It increases your rate of regeneration.
 O - an uncursed ring of positive energy {unknown}
Wands
 j - a wand of slowing (11/48)
 K - a wand of disintegration (6/24)
 L - a wand of iceblast (5/15)
 N - a wand of iceblast (8/15)
 Q - a wand of random effects (29/48)
Scrolls
 p - 3 scrolls of teleportation
 x - 4 scrolls of amnesia {unknown}
 y - a scroll of remove curse
 z - a scroll of magic mapping {unknown}
 D - a scroll of blinking {unknown}
 H - 3 scrolls of identify
Potions
 c - a potion of heal wounds
 g - 2 potions of invisibility {unknown}
 l - a potion of berserk rage
 n - 3 potions of curing {unknown}
 o - 3 potions of haste {unknown}
 r - a potion of degeneration {unknown}
 s - 4 potions of lignification {unknown}
 B - 2 potions of agility
 F - a potion of magic {unknown}
 G - a potion of resistance {unknown}
Comestibles
 b - 3 bread rations
 m - 2 meat rations
 C - a royal jelly
 E - 4 fruits
 J - a beef jerky


   Skills:
 + Level 7.1 Fighting
 + Level 4.0 Short Blades
 + Level 10.1 Axes
 + Level 6.7 Dodging
 + Level 3.5 Stealth


You had 8 spell levels left.
You didn't know any spells.

Dungeon Overview and Level Annotations

Branches:
Dungeon (9/15)             Temple (1/1) D:6
   Lair: D:8-11         Orc: D:9-12

Altars:
Ashenzari
Cheibriados
Dithmenos
Elyvilon
Fedhas
Gozag
Hepliaklqana
Makhleb
Nemelex Xobeh
Okawaru
Qazlal
Ru
Sif Muna
Uskayaw
Vehumet
Xom
Yredelemnul
Zin
The Shining One

Shops:
D:4 =   D:5 [   D:6 *   D:8 [

Annotations:
D:9 Erica


Innate Abilities, Weirdness & Mutations

You can breathe bolts of dispelling energy.
Your rich purple scales are hard. (AC +7)
You cannot fit into any form of body armour.
You are cold-blooded and may be slowed by cold attacks.
Scrolls take you a little longer to read.
Your flesh is heat resistant. (rF+)
You are robust. (+10% HP)


Message History

You feel the effects of Trog's Hand fading.
Your ogre rages.
You hear some strange, mumbled words.
Your ogre struggles to resist.
Your ogre rages.
Your ogre rages.
You feel sick.
You are no longer poisoned.
Something hits you.
* * * LOW HITPOINT WARNING * * *
Something barely misses your ogre.
Your skin stops crawling.
You feel less resistant to hostile enchantments.
You hear some strange, mumbled words.
A bolt of poison appears from out of thin air!
The bolt of poison misses your ogre. The bolt of poison hits you!
You are poisoned.
* * * LOW HITPOINT WARNING * * *
Found a leather armour.
You die...

#........#..........#....[..
#..........#..........##......
#..........#...........#......
###..........###.........#......
##..............#.........#......
[...............#########'#......
.................................
...........................######
..............O.@..........#
≈≈≈≈≈≈.....................#
≈≈≈≈≈≈≈....................#
#≈≈###≈≈...................# +≈
#≈≈####...............# # #≈≈.
#####+####....... ≈≈≈≈(. .[.
≈≈≈≈≈.. .. ###≈≈...


You could see a friendly ogre (berserk).

Vanquished Creatures
  Grinder (D:4)
  A hippogriff (D:7)
  Sigmund (D:3)
  A hungry ghost (D:7)
  Menkaure (D:7)
  A water moccasin (D:7)
  2 sky beasts
  3 orc warriors
  An ogre (D:5)
  4 centaurs
  3 bullfrogs
  2 scorpions
  4 killer bees (D:9)
  2 howler monkeys
  An electric eel (D:9)
  3 crimson imps
  A jelly (D:6)
  A quasit (D:5)
  A centaur zombie (D:8)
  Crazy Yiuf (D:2)
  6 hounds
  6 orc wizards
  5 orc priests
  A centaur skeleton (D:8)
  Ijyb (D:3)
  4 iguanas
  7 worker ants
  Terence (D:3)
  A hound skeleton (D:8)
  A worker ant zombie (D:7)
  A howler monkey zombie (D:5)
  9 adders
  4 gnolls (D:7)
  A howler monkey skeleton (D:4)
  A shadow imp (D:5)
  An ooze (D:2)
  An adder skeleton (D:7)
  An adder zombie (D:6)
  5 worms
  A dart slug (D:1)
  5 leopard geckos
  36 orcs
  6 giant cockroaches
  12 goblins
  14 hobgoblins
  14 jackals
  5 quokkas
  4 ball pythons
  7 bats
  6 frilled lizards
  A jackal skeleton (D:4)
  10 kobolds
  A leopard gecko skeleton (D:4)
  8 rats
  A bush (D:2)
223 creatures vanquished.

Notes
Turn   | Place    | Note
-------+----------+-------------------------------------------
     0 | D:1      | crafterik the Draconian Berserker began the quest for the Orb.
     0 | D:1      | Reached XP level 1. HP: 19/19 MP: 1/1
   606 | D:1      | Reached XP level 2. HP: 23/26 MP: 2/2
  1007 | D:1      | Reached ** piety under Trog
  1254 | D:2      | Reached XP level 3. HP: 21/33 MP: 3/3
  1515 | D:2      | Reached skill level 1 in Short Blades
  1712 | D:2      | Reached XP level 4. HP: 33/40 MP: 4/4
  2070 | D:2      | Found a basalt altar of Yredelemnul.
  2247 | D:2      | Reached *** piety under Trog
  2363 | D:2      | Found a runed door.
  2604 | D:2      | Noticed Crazy Yiuf
  2610 | D:2      | Killed Crazy Yiuf
  2815 | D:3      | Found a faded altar of an unknown god.
  2907 | D:3      | Noticed Ijyb
  2921 | D:3      | Killed Ijyb
  2921 | D:3      | Reached XP level 5. HP: 44/46 MP: 5/5
  3048 | D:3      | Noticed Terence
  3068 | D:3      | Killed Terence
  3164 | D:3      | Reached skill level 1 in Stealth
  3325 | D:3      | Noticed Sigmund
  3369 | D:3      | Killed Sigmund
  3369 | D:3      | Reached skill level 4 in Axes
  3369 | D:3      | Reached XP level 6. HP: 47/53 MP: 6/6
  4013 | D:3      | Reached **** piety under Trog
  4168 | D:3      | Noticed an angel
  4169 | D:3      | Found a glowing silver altar of Zin.
  4484 | D:4      | Noticed Grinder
  4493 | D:4      | Your scales start taking on a rich purple colour.
  4493 | D:4      | Reached XP level 7. HP: 46/60 MP: 7/7
  4506 | D:4      | Paralysed by Grinder for 3 turns
  4515 | D:4      | Killed Grinder
  4515 | D:4      | Reached skill level 5 in Fighting
  4515 | D:4      | Reached skill level 5 in Axes
  4690 | D:4      | Found Tystrya's Jewellery Boutique.
  5460 | D:5      | Entered Level 5 of the Dungeon
  5615 | D:5      | Reached skill level 6 in Axes
  5620 | D:5      | Reached XP level 8. HP: 57/69 MP: 8/8
  5645 | D:5      | Found Wouni's Antique Armour Shop.
  6041 | D:5      | Gained mutation: Your flesh is heat resistant. (rF+) [mutagenic meat]
  6042 | D:5      | Gained mutation: Scrolls take you a little longer to read. [mutagenic meat]
  6043 | D:5      | Gained mutation: You are robust. (+10% HP) [mutagenic meat]
  6168 | D:5      | Found a shimmering altar of Xom.
  6299 | D:6      | Found a glowing drain.
  6324 | D:6      | Reached skill level 7 in Axes
  6324 | D:6      | Reached skill level 5 in Dodging
  6345 | D:6      | Reached ***** piety under Trog
  7152 | D:6      | Found Syafuc's General Store.
  7301 | D:6      | Reached skill level 8 in Axes
  7591 | D:6      | Found a staircase to the Ecumenical Temple.
  7773 | Temple   | Entered the Ecumenical Temple
  8053 | D:7      | Found a deep blue altar of Sif Muna.
  8086 | D:7      | Reached XP level 9. HP: 67/82 MP: 9/9
  8212 | D:7      | Found a basalt altar of Yredelemnul.
  8462 | D:7      | Received a gift from Trog
  8789 | D:7      | Noticed Menkaure
  8795 | D:7      | Killed Menkaure
  8809 | D:7      | Reached skill level 9 in Axes
  9121 | D:8      | Found Silakido's Antique Armour Shoppe.
  9494 | D:8      | Found an opulent altar of Gozag.
  9514 | D:8      | Found a hide-covered altar of Uskayaw.
  9608 | D:8      | Reached skill level 10 in Axes
 10435 | D:9      | Noticed Erica
 10473 | D:9      | HP: 2/86 [something/bolt of poison (25)]
 10474 | D:9      | Succumbed to Erica's bolt of poison

Skill      XL: |  1  2  3  4  5  6  7  8  9 |
---------------+----------------------------+-----
Dodging        | 3 4 5 6 |  6.7
Short Blades   | 1 2 3 4 |  4.0
Fighting       | 4 5 6 7 |  7.1
Stealth        | 1 2 3 |  3.5
Axes           | 4 6 8 10 | 10.1

Action                   |  1- 3 |  4- 6 |  7- 9 || total
-------------------------+-------+-------+-------++-------
Melee: Hand axe          |    14 |   116 |   307 ||   437
       Short sword       |    85 |   197 |       ||   282
       Tailslap          |    10 |    62 |    63 ||   135
       Battleaxe         |       |       |   140 ||   140
Invok: Berserk           |       |     3 |     4 ||     7
       Trog's Hand       |       |       |     1 ||     1
       Brothers in Arms  |       |       |     1 ||     1
 Abil: Breathe Dispellin |       |       |     3 ||     3
  Use: Scroll            |     2 |     1 |       ||     3
       Potion            |       |       |     2 ||     2
 Stab: Sleeping          |       |       |     3 ||     3
  Eat: Chunk             |     3 |    11 |    21 ||    35
       Beef jerky        |       |       |     2 ||     2
       Bread ration      |       |       |     1 ||     1
       Fruit             |       |       |     1 ||     1
Armor: Skin              |    25 |    49 |   143 ||   217
Dodge: Dodged            |    68 |   111 |   337 ||   516
